PAAA
ELLENBURG FIGHTING DACHSUNDS @ BAKERSFIELD NOBLES
08/30/2032
 
TOP OF THE 1ST
Ellenburg Fighting Dachsunds batting - Pitching for Bakersfield Nobles : LHP Fernando Torrez
Pitching: LHP Fernando Torrez
Batting: SHB Theron Montecalvo 0-0: Ball
1-0: Fly out, F8 (Flyball, 8RM)
Batting: RHB Daniel Riley 0-0: SINGLE (Flyball, 78M)
Batting: RHB Alan McLennan 0-0: Ball
1-0: 2-RUN HOME RUN (Flyball, 78XD), Distance : 399 ft
Batting: LHB Shelby Noonan 0-0: Called Strike
0-1: Fly out, F7 (Flyball, 78M)
Batting: RHB Jorge Alvarado 0-0: Fly out, F7 (Flyball, 78S)
Top of the 1st over - 2 runs, 2 hits, 0 errors, 0 left on base; Ellenburg 2 - Bakersfield 0
BOTTOM OF THE 1ST
Bakersfield Nobles batting - Pitching for Ellenburg Fighting Dachsunds : RHP Juan Parales
Pitching: RHP Juan Parales
Batting: LHB Alberto Enríquez 0-0: Ground out 4-3 (Groundball, 4)
Batting: LHB Hideki Hisanobu 0-0: Called Strike
0-1: Ball
1-1: Swinging Strike
1-2: Strikes out swinging
Batting: LHB Theo Fightmaster 0-0: Ball
1-0: Called Strike
1-1: Foul Ball, location: 2F
1-2: Ground out 5-3 (Groundball, 56)
Bottom of the 1st over - 0 runs, 0 hits, 0 errors, 0 left on base; Ellenburg 2 - Bakersfield 0
TOP OF THE 2ND
Ellenburg Fighting Dachsunds batting - Pitching for Bakersfield Nobles : LHP Fernando Torrez
Batting: LHB Vladya Pugiev 0-0: Ball
1-0: Called Strike
1-1: SINGLE (Groundball, 34S) (infield hit)
Batting: LHB Francisco Alfaro 0-0: Called Strike
0-1: Ball
1-1: Ball
2-1: SINGLE (Line Drive, 7LM)
Vladya Pugiev to second
Batting: RHB Francis Kelly 0-0: Ball
1-0: Ball
2-0: Ball
3-0: Called Strike
3-1: Base on Balls
Vladya Pugiev to third
Francisco Alfaro to second
Batting: RHB Manuel Rosales 0-0: Ball
1-0: Swinging Strike
1-1: Ball
2-1: Ball
3-1: Called Strike
3-2: Base on Balls
Vladya Pugiev scores
Francisco Alfaro to third
Francis Kelly to second
Batting: SHB Theron Montecalvo 0-0: Called Strike
0-1: Ball
1-1: Fielders Choice at 2nd, 6-4 (Groundball, 6)
Francisco Alfaro scores
Francis Kelly to third
Batting: RHB Daniel Riley 0-0: Ball
1-0: Ball
2-0: Foul Ball, location: 2F
2-1: SINGLE (Line Drive, 9S)
Francis Kelly scores
Theron Montecalvo to second
Runner from 2nd tries for 3rd, SAFE, no throw
Batting: RHB Alan McLennan 0-0: Ball
1-0: Ball
2-0: Ball
3-0: Called Strike
3-1: Base on Balls
Daniel Riley to second
Batting: LHB Shelby Noonan 0-0: Swinging Strike
0-1: Foul Ball, location: 2F
0-2: Ball
1-2: Foul Ball, location: 2F
1-2: Foul Ball, location: 2F
1-2: Strikes out swinging
Batting: RHB Jorge Alvarado 0-0: Fly out, F8 (Flyball, 8LM)
Top of the 2nd over - 3 runs, 3 hits, 0 errors, 3 left on base; Ellenburg 5 - Bakersfield 0
BOTTOM OF THE 2ND
Bakersfield Nobles batting - Pitching for Ellenburg Fighting Dachsunds : RHP Juan Parales
Batting: SHB Edward Sterrenburg 0-0: Ball
1-0: Called Strike
1-1: Ball
2-1: Foul Ball, location: 2F
2-2: Fly out, F7 (Flyball, 7LDF)
Batting: RHB Wade Killefer 0-0: Ball
1-0: Ball
2-0: DOUBLE (Line Drive, 8RXD) - OUT at third base trying to stretch hit.
Batting: RHB Pil-joong Pak 0-0: SINGLE (Groundball, 34S) (infield hit)
Batting: RHB Fortunato Rasquinha 0-0: Ball
1-0: Fielders Choice at 2nd, 6-4 (Groundball, 6)
Bottom of the 2nd over - 0 runs, 2 hits, 0 errors, 1 left on base; Ellenburg 5 - Bakersfield 0
TOP OF THE 3RD
Ellenburg Fighting Dachsunds batting - Pitching for Bakersfield Nobles : LHP Fernando Torrez
Batting: LHB Vladya Pugiev 0-0: Ball
1-0: Called Strike
1-1: Ground out U3 (Groundball, 3L)
Batting: LHB Francisco Alfaro 0-0: Ball
1-0: Called Strike
1-1: Called Strike
1-2: Ball
2-2: Ball
3-2: Strikes out swinging, 2-3 out at first.
Batting: RHB Francis Kelly 0-0: Ball
1-0: Swinging Strike
1-1: Called Strike
1-2: Foul Ball, location: 2F
1-2: Foul Ball, location: 2F
1-2: Foul Ball, location: 2F
1-2: Fly out, F7 (Flyball, 7S)
Top of the 3rd over - 0 runs, 0 hits, 0 errors, 0 left on base; Ellenburg 5 - Bakersfield 0
BOTTOM OF THE 3RD
Bakersfield Nobles batting - Pitching for Ellenburg Fighting Dachsunds : RHP Juan Parales
Batting: RHB Ulbert Sutkamp 0-0: Ground out 4-3 (Groundball, 4M)
Batting: RHB Edwin Berns 0-0: Ball
1-0: Ball
2-0: SINGLE (Groundball, 56D)
Batting: LHB Alberto Enríquez 0-0: Ball
Wild Pitch!
Edwin Berns to second
1-0: Called Strike
1-1: Swinging Strike
1-2: Ball
2-2: Foul Ball, location: 2F
2-2: Ball
3-2: Ground out U3 (Groundball, 34)
Edwin Berns to third
Batting: LHB Hideki Hisanobu 0-0: Ball
1-0: Reached on error, E3 (Groundball, 3L)
Edwin Berns scores
Batting: LHB Theo Fightmaster Pickoff Throw to First - Out!
Bottom of the 3rd over - 1 run, 1 hit, 1 error, 0 left on base; Ellenburg 5 - Bakersfield 1
TOP OF THE 4TH
Ellenburg Fighting Dachsunds batting - Pitching for Bakersfield Nobles : LHP Fernando Torrez
Batting: RHB Manuel Rosales 0-0: Called Strike
0-1: Ground out 5-3 (Groundball, 56)
Batting: SHB Theron Montecalvo 0-0: Called Strike
0-1: Ball
1-1: Foul Ball, location: 2F
1-2: Fly out, F8 (Flyball, 8RD)
Batting: RHB Daniel Riley 0-0: Ball
1-0: Ball
2-0: Ball
3-0: Base on Balls
Batting: RHB Alan McLennan 0-0: Called Strike
0-1: Ball
1-1: Foul Ball, location: 2F
1-2: Ball
Daniel Riley steals 2nd base
2-2: Strikes out swinging
Top of the 4th over - 0 runs, 0 hits, 0 errors, 1 left on base; Ellenburg 5 - Bakersfield 1
BOTTOM OF THE 4TH
Bakersfield Nobles batting - Pitching for Ellenburg Fighting Dachsunds : RHP Juan Parales
Batting: LHB Theo Fightmaster 0-0: DOUBLE (Line Drive, 9LD)
Batting: SHB Edward Sterrenburg 0-0: Foul Ball, location: 2F
0-1: Ball
1-1: Swinging Strike
1-2: Ground out 6-3 (Groundball, 6)
Batting: RHB Wade Killefer 0-0: Ball
1-0: Foul Ball, location: 2F
1-1: Ground out 1-3 (Groundball, P)
Theo Fightmaster to third
Batting: RHB Pil-joong Pak 0-0: Ball
1-0: Called Strike
1-1: Ground out 1-3 (Groundball, P)
Bottom of the 4th over - 0 runs, 1 hit, 0 errors, 1 left on base; Ellenburg 5 - Bakersfield 1
TOP OF THE 5TH
Ellenburg Fighting Dachsunds batting - Pitching for Bakersfield Nobles : LHP Fernando Torrez
Batting: LHB Shelby Noonan 0-0: Ball
1-0: Ball
2-0: SOLO HOME RUN (Flyball, 89XD), Distance : 392 ft
Batting: RHB Jorge Alvarado 0-0: Ball
1-0: Foul Ball, location: 2F
1-1: Foul Ball, location: 2F
1-2: Ball
2-2: Fly out, F7 (Flyball, 7)
Batting: LHB Vladya Pugiev 0-0: Fly out, F9 (Flyball, 89S)
Batting: LHB Francisco Alfaro 0-0: Fly out, F7 (Flyball, 7D)
Top of the 5th over - 1 run, 1 hit, 0 errors, 0 left on base; Ellenburg 6 - Bakersfield 1
BOTTOM OF THE 5TH
Bakersfield Nobles batting - Pitching for Ellenburg Fighting Dachsunds : RHP Juan Parales
Batting: RHB Fortunato Rasquinha 0-0: Called Strike
0-1: SINGLE (Flyball, 9LS)
Batting: RHB Ulbert Sutkamp 0-0: Ball
1-0: Ball
2-0: Ball
3-0: Called Strike
3-1: Base on Balls
Fortunato Rasquinha to second
Batting: RHB Edwin Berns 0-0: Ball
1-0: Ball
2-0: Ball
3-0: Base on Balls
Fortunato Rasquinha to third
Ulbert Sutkamp to second
Batting: LHB Alberto Enríquez 0-0: Ball
1-0: Called Strike
1-1: Swinging Strike
1-2: Foul Ball, location: 2F
1-2: Ball
2-2: Foul Ball, location: 2F
2-2: Strikes out swinging
Batting: LHB Hideki Hisanobu 0-0: Ball
1-0: Reached on error, E4 (Groundball, 4)
Fortunato Rasquinha scores
Ulbert Sutkamp to third
Edwin Berns to second
Batting: LHB Theo Fightmaster 0-0: Fielders Choice at 2nd, 3-6 (Groundball, 3)
Ulbert Sutkamp scores
Edwin Berns to third
Batting: SHB Edward Sterrenburg 0-0: Ball
1-0: Foul Ball, location: 2F
1-1: DOUBLE (Flyball, 89D)
Edwin Berns scores
Theo Fightmaster to third
Batting: RHB Wade Killefer 0-0: Called Strike
0-1: Foul Ball, location: 2F
0-2: Ball
1-2: Foul Ball, location: 2F
1-2: Foul Ball, location: 2F
1-2: Ball
2-2: Fly out, F7 (Flyball, 78M)
Bottom of the 5th over - 3 runs, 2 hits, 1 error, 2 left on base; Ellenburg 6 - Bakersfield 4
TOP OF THE 6TH
Ellenburg Fighting Dachsunds batting - Pitching for Bakersfield Nobles : LHP Fernando Torrez
Pitching: RHP Rick Converse
Batting: RHB Francis Kelly 0-0: Swinging Strike
0-1: Ball
1-1: Ball
2-1: Foul Ball, location: 2F
2-2: SINGLE (Line Drive, 6M)
Batting: RHB Manuel Rosales 0-0: Ball
1-0: Bunted foul
1-1: Sac Bunt - play at first, batter OUT! 3-4
Francis Kelly to second
Batting: SHB Theron Montecalvo 0-0: Called Strike
0-1: Ground out 4-3 (Groundball, 4)
Francis Kelly to third
Batting: RHB Daniel Riley 0-0: Called Strike
0-1: Foul Ball, location: 2F
0-2: Ball
1-2: Ball
2-2: Strikes out swinging
Top of the 6th over - 0 runs, 1 hit, 0 errors, 1 left on base; Ellenburg 6 - Bakersfield 4
BOTTOM OF THE 6TH
Bakersfield Nobles batting - Pitching for Ellenburg Fighting Dachsunds : RHP Juan Parales
Batting: RHB Pil-joong Pak 0-0: Ball
1-0: Called Strike
1-1: Ball
2-1: Ground out 1-3 (Groundball, 15S)
Batting: RHB Fortunato Rasquinha 0-0: Ball
1-0: Foul Ball, location: 2F
1-1: SINGLE (Groundball, 6MD)
Batting: RHB Ulbert Sutkamp 0-0: Called Strike
0-1: SINGLE (Groundball, 56D)
Fortunato Rasquinha to second
Batting: RHB Edwin Berns 0-0: Ball
1-0: Foul Ball, location: 2F
1-1: Reached on error, E3 (Groundball, 34)
Fortunato Rasquinha to third
Ulbert Sutkamp to second
Batting: LHB Alberto Enríquez 0-0: Called Strike
0-1: Foul Ball, location: 2F
0-2: Ball
1-2: Foul Ball, location: 2F
1-2: Foul Ball, location: 2F
1-2: Foul Ball, location: 2F
1-2: Foul Ball, location: 2F
1-2: Ball
2-2: Grounds into double play, 6-2-3 (Groundball, 6M)
Bottom of the 6th over - 0 runs, 2 hits, 1 error, 2 left on base; Ellenburg 6 - Bakersfield 4
TOP OF THE 7TH
Ellenburg Fighting Dachsunds batting - Pitching for Bakersfield Nobles : RHP Rick Converse
Batting: RHB Alan McLennan 0-0: Ball
1-0: Swinging Strike
1-1: Called Strike
1-2: Fly out, F9 (Flyball, 89D)
Batting: LHB Shelby Noonan 0-0: Ball
1-0: Called Strike
1-1: Called Strike
1-2: Ground out U3 (Groundball, 3L)
Batting: RHB Jorge Alvarado 0-0: Ground out 5-3 (Groundball, 2L)
Top of the 7th over - 0 runs, 0 hits, 0 errors, 0 left on base; Ellenburg 6 - Bakersfield 4
BOTTOM OF THE 7TH
Bakersfield Nobles batting - Pitching for Ellenburg Fighting Dachsunds : RHP Juan Parales
Batting: LHB Hideki Hisanobu 0-0: Fly out, F6 (Popup, 6M)
Batting: LHB Theo Fightmaster 0-0: Ball
1-0: Ball
2-0: Called Strike
2-1: Swinging Strike
2-2: Strikes out looking
Batting: SHB Edward Sterrenburg 0-0: Ball
1-0: Ground out 5-3 (Groundball, 5)
Bottom of the 7th over - 0 runs, 0 hits, 0 errors, 0 left on base; Ellenburg 6 - Bakersfield 4
TOP OF THE 8TH
Ellenburg Fighting Dachsunds batting - Pitching for Bakersfield Nobles : RHP Rick Converse
Pitching: RHP Shu-de Cui
Batting: LHB Vladya Pugiev 0-0: Called Strike
0-1: Ball
1-1: SOLO HOME RUN (Flyball, 9LD), Distance : 359 ft
Batting: LHB Francisco Alfaro 0-0: Ball
1-0: Ball
2-0: Ball
3-0: Called Strike
3-1: Base on Balls
Batting: RHB Francis Kelly 0-0: Called Strike
0-1: Ball
1-1: Foul Ball, location: 2F
1-2: Fly out, F7 (Flyball, 7S)
Batting: RHB Manuel Rosales 0-0: Foul Ball, location: 2F
0-1: Ball
1-1: Ball
2-1: Foul Ball, location: 2F
2-2: Strikes out looking
Batting: SHB Theron Montecalvo 0-0: Called Strike
Francisco Alfaro is caught stealing 2nd base
Top of the 8th over - 1 run, 1 hit, 0 errors, 0 left on base; Ellenburg 7 - Bakersfield 4
BOTTOM OF THE 8TH
Bakersfield Nobles batting - Pitching for Ellenburg Fighting Dachsunds : RHP Juan Parales
Batting: RHB Wade Killefer 0-0: Ground out 4-3 (Groundball, 4)
Batting: RHB Pil-joong Pak 0-0: Ball
1-0: Ball
2-0: Ground out 5-3 (Groundball, 5)
Batting: RHB Fortunato Rasquinha 0-0: Swinging Strike
0-1: Fly out, F9 (Flyball, 89M)
Bottom of the 8th over - 0 runs, 0 hits, 0 errors, 0 left on base; Ellenburg 7 - Bakersfield 4
TOP OF THE 9TH
Ellenburg Fighting Dachsunds batting - Pitching for Bakersfield Nobles : RHP Shu-de Cui
Batting: SHB Theron Montecalvo 0-0: Ball
1-0: Ball
2-0: Called Strike
2-1: Ball
3-1: Called Strike
3-2: Foul Ball, location: 2F
3-2: Base on Balls
Batting: RHB Daniel Riley 0-0: Swinging Strike
0-1: Called Strike
Theron Montecalvo steals 2nd base
0-2: Ball
1-2: SINGLE (Flyball, 7S)
Theron Montecalvo to third
Runner from 3rd tries for Home, SAFE, no throw
Pitching: RHP Ricardo Gómez
Batting: RHB Alan McLennan 0-0: Ball
1-0: Fly out, F9 (Flyball, 9)
Batting: LHB Shelby Noonan 0-0: Foul Ball, location: 2F
0-1: Ball
1-1: Ball
2-1: 2-RUN HOME RUN (Flyball, 7D), Distance : 390 ft
Batting: RHB Jorge Alvarado 0-0: Swinging Strike
0-1: Fly out, F8 (Flyball, 8RS)
Batting: LHB Vladya Pugiev 0-0: Ball
1-0: Called Strike
1-1: Called Strike
1-2: Strikes out swinging
Top of the 9th over - 3 runs, 2 hits, 0 errors, 0 left on base; Ellenburg 10 - Bakersfield 4
BOTTOM OF THE 9TH
Bakersfield Nobles batting - Pitching for Ellenburg Fighting Dachsunds : RHP Juan Parales
Now at 1B: Ted Tullo
Now in LF: Dong-hwan Yun
Batting: RHB Ulbert Sutkamp 0-0: Fly out, F9 (Flyball, 9)
Pitching: RHP Francis McBride
Batting: RHB Edwin Berns 0-0: Ball
1-0: Ball
2-0: Called Strike
2-1: Ball
3-1: Called Strike
3-2: Strikes out swinging
Batting: LHB Alberto Enríquez 0-0: Called Strike
0-1: Ball
1-1: Ball
2-1: Foul Ball, location: 2F
2-2: Strikes out looking
Bottom of the 9th over - 0 runs, 0 hits, 0 errors, 0 left on base; Ellenburg 10 - Bakersfield 4
Wednesday, September 19th, 2018 - OOTP Baseball 18.8 Build 76